 Dungeon Crawl Stone Soup version 0.22-a0-109-gbeb7240 (webtiles) character file.

202848 tof the Warrior (level 17, -10/168 HPs)
             Began as a Minotaur Fighter on Jan 26, 2018.
             Was the Champion of Okawaru.
             Killed from afar by a manticore (16 damage)
             ... with a volley of spikes
             ... on level 4 of the Shoals.
             The game lasted 01:41:56 (39140 turns).

tof the Warrior (Minotaur Fighter)                 Turns: 39140, Time: 01:41:58

Health: -10/168    AC: 47    Str: 26    XL:     17   Next: 96%
Magic:  18/23      EV: 11    Int:  5    God:    Okawaru [******]
Gold:   2298       SH: 26    Dex: 18    Spells: 16/16 levels left

rFire    + . .     SeeInvis +   b - +9 long sword (vamp)
rCold    + . .     Gourm    +   V - +1 large shield {reflect}
rNeg     . . .     Faith    .   m - +2 gold dragon scales
rPois    +         Spirit   .   k - +2 hat {SInv}
rElec    .         Reflect  +   Y - +5 cloak of Supple Strength {Str+3 Dex+3}
rCorr    +         Harm     .   Q - +2 pair of gloves {archery}
MR       +....                  n - +0 pair of boots
Stlth    ..........             i - amulet of the gourmand
HPRegen  0.38/turn              G - +6 ring of protection
MPRegen  0.18/turn              z - ring of resist corrosion

@: heroism, finesse, engulfed (cannot breathe), barbed spikes, mesmerised
A: retaliatory headbutt, horns 2
}: 1/15 runes: gossamer
a: Heroism, Finesse, Renounce Religion


You were on level 4 of the Shoals.
You worshipped Okawaru.
Okawaru was exalted by your worship.
You were completely stuffed.

You visited 6 branches of the dungeon, and saw 31 of its levels.
You also visited: Ice Cave.

You collected 3181 gold pieces.
You spent 883 gold pieces at shops.

Inventory:

Hand Weapons
 a - a +1 demon blade of flaming
 b - a +9 vampiric long sword (weapon)
Missiles
 t - 2 javelins of penetration (quivered)
 x - a throwing net {!f}
 Z - 9 tomahawks
Armour
 k - a +2 hat of see invisible (worn)
 m - +2 gold dragon scales (worn)
 n - a +0 pair of boots (worn)
 Q - a +2 pair of gloves of archery (worn)
 U - a +0 pair of gloves of dexterity
 V - a +1 large shield of reflection (worn)
 Y - the +5 cloak of Supple Strength (worn) {Str+3 Dex+3}
   (You bought it in a shop on level 14 of the Dungeon)

   It affects your strength (+3).
   It affects your dexterity (+3).
Jewellery
 i - an amulet of the gourmand (around neck)
 q - a +2 amulet of reflection
 z - a ring of resist corrosion (right hand)
 G - a +6 ring of protection (left hand)
 M - a +3 ring of protection
Wands
 s - a wand of polymorph (16)
 y - a wand of digging (29)
 D - a wand of iceblast (25)
 F - a wand of acid (9)
 H - a wand of enslavement (4)
 N - a wand of flame (108)
 R - a wand of disintegration (18)
 S - a wand of scattershot (11)
 T - a wand of paralysis (14)
Scrolls
 e - 11 scrolls of teleportation
 l - 12 scrolls of fog
 r - 7 scrolls of remove curse
 v - 2 scrolls of fear
 w - 4 scrolls of blinking
 A - 3 scrolls of magic mapping
 I - 3 scrolls of identify
 L - 4 scrolls of holy word
 X - a scroll of enchant armour
Potions
 d - a potion of might
 g - 5 potions of agility
 h - 4 potions of flight
 p - 3 potions of resistance
 u - 10 potions of lignification
 B - 3 potions of magic
 C - 4 potions of haste
 E - 3 potions of curing
 J - 3 potions of ambrosia
 K - a potion of berserk rage
 O - a potion of cancellation
 W - a potion of brilliance
Miscellaneous
 c - a sack of spiders
 o - a lamp of fire (inert)
Comestibles
 f - 55 rations
 P - 5 chunks of flesh


   Skills:
 * Level 19.2(24.2) Fighting
 - Level 14.0(19.0) Long Blades
 - Level 2.6(7.6) Throwing
 + Level 17.4(22.4) Armour
 - Level 2.6(7.6) Dodging
 + Level 17.6(22.6) Shields
 - Level 10.0 Invocations
 - Level 10.1 Evocations


You had 16 spell levels left.
You didn't know any spells.

Dungeon Overview and Level Annotations

Branches:
Dungeon (14/15)            Temple (1/1) D:7            Lair (6/6) D:9
 Shoals (4/4) Lair:2       Spider (4/4) Lair:3        Slime (0/5) Lair:6
    Orc (2/2) D:9             Elf (0/3) Orc:2        Vaults (0/5) D:14

Altars:
Ashenzari
Cheibriados
Elyvilon
Fedhas
Gozag
Hepliaklqana
Makhleb
Nemelex Xobeh
Okawaru
Ru
Sif Muna
Trog
Uskayaw
Vehumet
Wu Jian
Xom
Yredelemnul
Zin
The Shining One
Jiyva

Shops:
D:7 (   D:9 [   D:14 [   Orc:1 [   Orc:2 [*!=   Shoals:3 %

Annotations:
D:5 hidden place (dig)
Lair:6 1 runed door
Shoals:4 Ilsuiw


Innate Abilities, Weirdness & Mutations

You reflexively headbutt those who attack you in melee.
You have a pair of horns on your head.


Message History

Aim the lamp in which direction?
Press: ? - help, Dir - move target cursor, f - water elemental
Aim: a water elemental (severely damaged)
The flames dance!
The trail of fire misses the merfolk aquamancer.
The trail of fire misses the merfolk impaler.
The trail of fire hits the merfolk.
The merfolk is moderately wounded.
* * * LOW HITPOINT WARNING * * *
Your lungs strain for air!
You block the merfolk impaler's attack. The merfolk barely misses you.
The merfolk javelineer hits you but does no damage.
The merfolk hits you from afar with a halberd!
* * * LOW HITPOINT WARNING * * *
The merfolk impaler is engulfed in blazing flames.
You block the merfolk impaler's attack.
The manticore flicks its tail.
The volley of spikes hits you!
The barbed spikes become lodged in your body.
You die... ≈≈≈≈)...≈≈≈≈≈≈≈≈≈ ≈≈≈≈.§.≈≈≈≈≈≈≈≈≈≈. ..≈≈.#(≈≈≈≈≈≈≈≈≈.. .≈≈≈..<)§≈≈≈≈≈≈≈# ≈≈≈≈≈ ≈≈≈≈§##§§..≈≈≈≈# P≈≈≈≈ #≈≈≈§m§(mm.≈≈≈.# #.≈≈≈≈ ≈#≈.§§.mmmm≈≈.## PPPP≈≈

≈≈#.m.§§Em≈≈..# ###.≈PP≈≈
≈≈≈(..mH§@.P### ##.PPPP≈≈≈
≈≈#...≈mP...# ##PPP≈≈≈≈≈≈
≈#≈......P.## #..<≈≈≈≈≈≈≈
#≈......[P≈P####..P≈≈P≈≈≈≈
...(≈≈≈≈≈PP..##..≈P≈≈≈≈≈≈≈
≈≈≈≈≈≈≈≈PP≈≈≈...P≈≈≈≈≈≈≈≈
≈≈≈≈≈≈≈≈≈PP≈≈≈..≈≈≈≈≈≈≈≈≈
≈≈≈≈≈≈≈≈≈≈≈≈≈≈≈≈≈≈≈≈≈≈≈≈≈
≈≈≈≈≈≈≈≈≈≈≈≈≈≈≈≈≈≈≈≈≈≈≈


You could see Ilsuiw, 2 merfolk impalers, a merfolk javelineer, a merfolk
aquamancer, 5 merfolk, a manticore, a water elemental and a merfolk siren.

Vanquished Creatures
  Gastronok (Lair:3)
  3 ghost moths
  8 emperor scorpions
  2 entropy weavers
  Nessos (D:12)
  A spark wasp (Spider:4)
  An ettin (Orc:1)
  2 merfolk impalers
  Josephine (D:12)
  3 ogre magi
  A vault guard (D:14)
  The ghost of Salmacis the Carver, a journeyman BaFi of Okawaru (D:9)
  7 hydras
  5 merfolk avatars
  A satyr (Shoals:2)
  2 centaur warriors
  An alligator snapping turtle (Shoals:1)
  7 merfolk aquamancers
  A satyr (shapeshifter) (D:14)
  12 two-headed ogres
  8 death scarabs (Spider:4)
  A tengu warrior (D:13)
  An orc high priest (Orc:2)
  Urug (Lair:3)
  2 deep trolls (Orc:1)
  2 sea snakes
  3 unseen horrors
  2 wizards
  2 spectral wolf spiders (Spider:4)
  3 necromancers (D:14)
  2 wolf spider zombies (Spider:4)
  A deep elf mage (D:13)
  2 harpies (Lair:6)
  20 orb spiders
  An orc knight (Orc:1)
  An orc sorcerer (Orc:1)
  15 ugly things
  An oklob plant (Lair:1)
  21 wolf spiders
  7 cyclopes
  11 manticores
  12 fauns
  6 merfolk sirens
  4 water nymphs
  A moth of wrath (Spider:4)
  11 elephants
  6 black mambas
  The ghost of tof the Slasher, a novice MiFi (D:5)
  Psyche (D:8)
  A gargoyle (D:14)
  2 ice statues (IceCv)
  11 spiny frogs
  A black mamba (shapeshifter) (D:14)
  3 torpor snails
  7 spectral redbacks (Spider:4)
  15 demonic crawlers
  9 rime drakes
  8 komodo dragons
  A kobold demonologist (D:13)
  2 efreet
  A redback zombie (Spider:4)
  A queen bee (D:13)
  2 spectral tarantellas (Spider:4)
  11 trolls
  27 jumping spiders
  3 spectral jumping spiders (Spider:4)
  7 polar bears
  10 merfolk
  3 wind drakes
  8 hornets
  11 dream sheep (Shoals:2)
  3 snapping turtles
  2 tarantella zombies (Spider:4)
  8 blink frogs
  A meliai zombie (D:14)
  10 hippogriffs
  62 redbacks
  58 yaks
  A vampire (D:12)
  2 shadows
  A spriggan (shapeshifter) (D:10)
  2 wyverns
  33 tarantellas
  12 water elementals
  6 wraiths
  A wyvern (shapeshifter) (D:14)
  7 basilisks
  20 humans
  3 hungry ghosts
  6 vampire mosquitoes
  14 water moccasins
  6 wargs
  4 porcupines
  3 spectral hornets (Spider:4)
  2 eyes of draining (D:14)
  17 ice beasts
  25 orc warriors
  A hornet zombie (Spider:4)
  A black bear (D:13)
  31 ogres
  3 necrophages
  3 sky beasts
  4 boggarts (D:14)
  8 centaurs
  12 wolves
  18 crocodiles
  26 bullfrogs
  3 big kobolds
  A scorpion (D:5)
  37 killer bees
  21 wights
  An electric eel (Lair:1)
  A vampire bat (Lair:6)
  4 howler monkeys
  2 centaur zombies
  7 crimson imps
  2 bullfrog zombies
  2 quasits (D:6)
  16 orc priests
  5 jellies
  5 centaur skeletons
  5 hounds
  17 orc wizards
  2 bullfrog skeletons
  7 iguanas
  8 worker ants
  17 hell rats
  A howler monkey zombie (D:9)
  2 worker ant zombies
  7 gnolls
  2 howler monkey skeletons
  9 adders
  16 river rats
  A shadow imp (D:3)
  A white imp (Spider:2)
  2 oozes
  An adder zombie (D:9)
  7 worms
  A dart slug (D:6)
  7 leopard geckos
  73 orcs
  A ball python (D:3)
  4 giant cockroaches
  5 goblins
  A hobgoblin (D:2)
  9 jackals
  5 quokkas
  17 bats
  4 frilled lizards
  21 kobolds
  21 rats
1151 creatures vanquished.

Vanquished Creatures (others)
  A merfolk javelineer (Shoals:4)
  A satyr (Shoals:2)
  A centaur warrior (D:14)
  2 fauns (Shoals:2)
  A cyclops (Orc:2)
  2 centaurs
  A killer bee (D:14)
  A hound (D:4)
  An orc wizard (D:4)
  A worker ant (D:4)
  A worm (D:4)
  3 orcs
  18 fungi
  27 plants
61 creatures vanquished.

Grand Total: 1212 creatures vanquished

Notes
Turn   | Place    | Note
-------+----------+-------------------------------------------
     0 | D:1      | tof the Minotaur Fighter began the quest for the Orb.
     0 | D:1      | Reached XP level 1. HP: 19/19 MP: 0/0
   283 | D:1      | Reached XP level 2. HP: 27/27 MP: 1/1
   508 | D:2      | Found a faded altar of an unknown god.
   521 | D:2      | You fall through a shaft!
   739 | D:3      | Reached skill level 4 in Fighting
   739 | D:3      | Reached XP level 3. HP: 29/33 MP: 2/2
  1347 | D:3      | Reached XP level 4. HP: 40/40 MP: 3/3
  1571 | D:4      | Reached XP level 5. HP: 42/47 MP: 4/4
  2044 | D:2      | Found a deep blue altar of Sif Muna.
  2045 | D:2      | Found a burning altar of Makhleb.
  2700 | D:4      | Reached skill level 5 in Long Blades
  2809 | D:4      | Reached XP level 6. HP: 55/55 MP: 5/5
  2812 | D:4      | Found a blossoming altar of Fedhas.
  2888 | D:4      | Reached skill level 5 in Fighting
  2888 | D:4      | Reached skill level 5 in Shields
  2899 | D:4      | Found an opulent altar of Gozag.
  2966 | D:4      | Noticed an ice beast
  2987 | D:4      | Killed an ice beast
  2987 | D:4      | Reached skill level 5 in Armour
  3018 | D:4      | Found a shimmering altar of Xom.
  3040 | D:4      | Found a sparkling altar of Nemelex Xobeh.
  3221 | D:5      | Entered Level 5 of the Dungeon
  3221 | D:5      | Noticed tof's ghost (novice MiFi)
  3251 | D:5      | Killed tof's ghost
  3251 | D:5      | Reached XP level 7. HP: 49/62 MP: 6/6
  3624 | D:5      | Found a hazy altar of Hepliaklqana.
  3630 | D:5      | Reached skill level 6 in Fighting
  3642 | D:5      | Reached XP level 8. HP: 60/70 MP: 7/7
  3974 | D:5      | Found an ornate altar of the Wu Jian Council.
  4325 | D:6      | Found a snail-covered altar of Cheibriados.
  4568 | D:6      | Reached skill level 7 in Fighting
  4842 | D:6      | Reached XP level 9. HP: 79/79 MP: 8/8
  5108 | D:6      | Noticed a cyclops
  5109 | D:6      | Noticed a two-headed ogre
  5438 | D:6      | Killed a cyclops
  5438 | D:6      | Reached skill level 10 in Long Blades
  5617 | D:6      | Killed a two-headed ogre
  5617 | D:6      | Reached skill level 8 in Fighting
  5925 | D:7      | Found a staircase to the Ecumenical Temple.
  6061 | Temple   | Entered the Ecumenical Temple
  6132 | Temple   | Became a worshipper of Warmaster Okawaru
  6237 | D:7      | Reached XP level 10. HP: 89/89 MP: 7/9
  6260 | D:7      | Found a shattered altar of Ashenzari.
  6330 | D:7      | Found Byly's Weapon Emporium.
  6346 | D:7      | Reached * piety under Okawaru
  6460 | D:7      | Reached skill level 1 in Invocations
  6534 | D:8      | Noticed a two-headed ogre
  6543 | D:8      | Killed a two-headed ogre
  6543 | D:8      | Reached ** piety under Okawaru
  6813 | D:8      | Noticed Psyche
  6822 | D:8      | Killed Psyche
  6822 | D:8      | Reached skill level 9 in Fighting
  7119 | D:8      | Noticed a two-headed ogre
  7130 | D:8      | Killed a two-headed ogre
  7130 | D:8      | Reached *** piety under Okawaru
  8115 | D:9      | Found a staircase to the Lair.
  8125 | D:9      | Reached XP level 11. HP: 77/96 MP: 10/12
  8227 | D:9      | You fall through a shaft for 3 floors!
  8604 | D:10     | Entered Level 10 of the Dungeon
  8639 | D:10     | Reached **** piety under Okawaru
  9025 | D:10     | Found a transporter.
  9725 | D:11     | Noticed a red ugly thing
  9751 | D:11     | Reached skill level 1 in Throwing
  9764 | D:11     | Reached skill level 10 in Shields
  9855 | D:11     | Killed a red ugly thing
  9855 | D:11     | Reached skill level 10 in Fighting
  9855 | D:11     | Reached skill level 10 in Armour
 10103 | D:11     | Noticed a purple ugly thing
 10118 | D:11     | Killed a purple ugly thing
 10118 | D:11     | Reached ***** piety under Okawaru
 10304 | D:11     | Found an iron altar of Okawaru.
 10635 | D:12     | Noticed Nessos
 10647 | D:12     | Killed Nessos
 10723 | D:12     | Received a gift from Okawaru
 10959 | D:12     | Noticed Josephine
 10970 | D:12     | Reached skill level 1 in Dodging
 10970 | D:12     | Reached skill level 5 in Invocations
 10981 | D:12     | Killed Josephine
 10981 | D:12     | Reached skill level 1 in Evocations
 11260 | D:12     | Reached XP level 12. HP: 102/106 MP: 14/14
 11368 | Lair:1   | Entered Level 1 of the Lair of Beasts
 11442 | Lair:1   | Received a gift from Okawaru
 12369 | Lair:2   | Found a staircase to the Shoals.
 12498 | Lair:2   | Reached skill level 11 in Fighting
 13100 | Lair:3   | Noticed Urug
 13116 | Lair:3   | Killed Urug
 13148 | Lair:3   | Noticed a four-headed hydra
 13160 | Lair:3   | Killed a 12-headed hydra
 13162 | Lair:3   | Found a frozen archway.
 13258 | IceCv    | Entered an ice cave
 13259 | IceCv    | Found a transporter.
 13509 | IceCv    | Received a gift from Okawaru
 13528 | IceCv    | Reached ****** piety under Okawaru
 14182 | Lair:3   | Found a hole to the Spider Nest.
 14212 | Lair:3   | Noticed Gastronok
 14232 | Lair:3   | Killed Gastronok
 14232 | Lair:3   | Reached XP level 13. HP: 94/116 MP: 15/17
 14712 | Lair:3   | Received a gift from Okawaru
 14805 | Lair:3   | Reached skill level 12 in Fighting
 15307 | Lair:3   | Reached skill level 5 in Evocations
 17523 | Lair:6   | Entered Level 6 of the Lair of Beasts
 17588 | Lair:6   | Found a runed door.
 17588 | Lair:6   | Found a viscous altar of Jiyva.
 17588 | Lair:6   | Found a staircase to the Slime Pits.
 17588 | Lair:6   | Noticed an acid blob
 17588 | Lair:6   | Noticed an acid blob
 17588 | Lair:6   | Noticed an acid blob
 17639 | Lair:6   | Received a gift from Okawaru
 17924 | Lair:6   | Reached XP level 14. HP: 124/126 MP: 19/19
 18137 | Lair:6   | Reached skill level 13 in Fighting
 19605 | D:9      | Found a staircase to the Orcish Mines.
 19621 | D:9      | Received a gift from Okawaru
 19667 | D:9      | Found Noivieb's Armour Shoppe.
 19791 | D:9      | Noticed Salmacis's ghost (journeyman BaFi)
 19809 | D:9      | Killed Salmacis's ghost
 20327 | D:10     | Got a warped ivory ring
 20329 | D:10     | Identified the ring of Duenn {Ice Stlth+} (You found it on level 10 of the Dungeon)
 20347 | D:10     | Found a transporter.
 20654 | D:13     | Received a gift from Okawaru
 21483 | D:14     | Reached skill level 14 in Fighting
 21483 | D:14     | Reached skill level 10 in Invocations
 21784 | D:14     | Reached XP level 15. HP: 107/138 MP: 15/21
 22173 | D:14     | Found a blossoming altar of Fedhas.
 22740 | D:14     | Received a gift from Okawaru
 22774 | D:14     | Got a bloodstained scimitar {god gift}
 22958 | D:14     | Identified the +3 scimitar of Kului {antimagic, rN+ MP+9} (Okawaru gifted it to you on level 14 of the Dungeon)
 23499 | D:14     | Found Ucono's Armour Emporium.
 23504 | D:14     | Bought the +5 cloak of Supple Strength {Str+3 Dex+3} for 883 gold pieces
 23739 | D:14     | Found an opulent altar of Gozag.
 23800 | D:14     | Found a gate to the Vaults.
 24004 | Orc:1    | Entered Level 1 of the Orcish Mines
 24035 | Orc:1    | Paralysed by an orc sorcerer for 3 turns
 24380 | Orc:1    | Found Lehyoqaun's Antique Armour Shoppe.
 24483 | Orc:2    | Entered Level 2 of the Orcish Mines
 24519 | Orc:1    | Received a gift from Okawaru
 25372 | Orc:1    | Received a gift from Okawaru
 25372 | Orc:1    | Reached skill level 15 in Shields
 25388 | Orc:1    | Reached skill level 15 in Fighting
 25958 | Orc:2    | Paralysed by an ogre mage for 7 turns
 26166 | Orc:2    | Found a staircase to the Elven Halls.
 26198 | Orc:2    | Found Fekhlycon's Distillery.
 26199 | Orc:2    | Found Quton's Armour Emporium.
 26221 | Orc:2    | Found Plog's Jewellery Shop.
 26231 | Orc:2    | Found Bionkasch's General Store.
 27084 | Spider:1 | Entered Level 1 of the Spider Nest
 27134 | Lair:3   | Reached skill level 15 in Armour
 27596 | Spider:1 | Reached XP level 16. HP: 125/149 MP: 22/22
 28680 | Spider:1 | Received a gift from Okawaru
 28819 | Spider:2 | Reached skill level 10 in Evocations
 29422 | Spider:2 | Paralysed by a hornet for 2 turns
 30442 | Spider:3 | Reached skill level 16 in Fighting
 32075 | Spider:3 | Received a gift from Okawaru
 32788 | Spider:4 | Entered Level 4 of the Spider Nest
 33392 | Spider:4 | Reached skill level 17 in Fighting
 33622 | Spider:4 | Identified a scroll of acquirement
 33834 | Spider:4 | Received a gift from Okawaru
 33926 | Spider:4 | Reached XP level 17. HP: 156/161 MP: 23/23
 34992 | Spider:4 | Reached skill level 18 in Fighting
 35062 | Spider:4 | Got a gossamer rune of Zot
 35176 | Spider:3 | Received a gift from Okawaru
 35335 | Shoals:1 | Entered Level 1 of the Shoals
 37763 | Shoals:2 | Reached skill level 19 in Fighting
 38114 | Shoals:3 | Received a gift from Okawaru
 38416 | Shoals:3 | Found Namet's Food Boutique.
 39058 | Shoals:4 | Entered Level 4 of the Shoals
 39094 | Shoals:4 | Noticed Ilsuiw
 39140 | Shoals:4 | HP: 6/168 [merfolk/halberd (10)]
 39140 | Shoals:4 | Killed from afar by a manticore

Vault maps used:
D:1:      grunt_arrival_lava_bath, hangedman_abyss_or_decor_stabs
D:2:      minitemple, chequers_ecumenical_altar_simple, minmay_misc_feat_x,
          kennysheep_boxes
D:3:      saegor_snake_ambush
D:4:      nemelex_xobeh_ov_fountains_minmay, grunt_gozag_breadcrumbs,
          lemuel_crystal_altar, first_ration, xom_confusion_cloud
D:5:      lemuel_crystal_altar, marbit_many_paths, lightli_corner_chamber
D:6:      kennysheep_slug_shrine, minmay_divided_ellipse
D:7:      nicolae_overflow_crystal_walls, temple_fountains, serial_shops, shop,
          minmay_misc_feat_plants
D:8:      uniq_psyche
D:9:      david_lair_shrubbed, orc_david_3
D:10:     gammafunk_the_bubble
D:11:     basic_altar
D:12:     spider_trap, uniq_nessos, uniq_josephine
D:13:     special_room
D:14:     kennysheep_blocky_room, grunt_vaults_entry_tiered, serial_shops,
          kennysheep_little_box, david_nohive_1, hangedman_feature_mirror
Temple:   oiseaux_autumnal_temple
Lair:1:   minmay_lair_oklob_chamber, serial_bayou_shore_a
Lair:2:   lemuel_ratsnest, minmay_shoals_entry_centaurs, st_stairs_13
Lair:3:   nicolae_spider_entry_tight_spaces, portal_ice_cave_entry_ice_beasts,
          uniq_gastronok, uniq_urug
Lair:4:   infiniplex_staircase_pool, lemuel_fruit_tree
Lair:5:   st_stairs_12, grunt_megastairs_3
Lair:6:   gammafunk_lair_ancient_temple, slime_altar_2, roderic_batcave,
          kennysheep_rathole
Shoals:2: nicolae_shoals_aquamancer_cove
Shoals:3: serial_shops, shop_fountains
Shoals:4: shoals_end_hangedman, shoal_ilsuiw, serial_shops, nicolae_shop_stone
Spider:1: spider_trap
Spider:2: nicolae_crawler_farm
Spider:4: floodkiller_spider_rune_tomb
Orc:1:    serial_shops, nicolae_shop_trees
Orc:2:    st_orc_open
IceCv:    ice_cave_statue_garden_teleport

Skill      XL: |  1  2  3  4  5  6  7  8  9 10 11 12 13 14 15 16 17 |
---------------+----------------------------------------------------+-----
Long Blades    | 3 4 5 6 7 9 11 12 13 14 | 14.0
Fighting       | 4 5 6 7 8 9 10 11 12 14 15 17 19 | 19.2
Armour         | 4 5 6 7 8 9 10 11 12 13 15 16 17 | 17.4
Shields        | 4 5 6 7 8 9 10 11 12 14 15 16 17 | 17.6
Invocations    | 3 5 7 8 10 | 10.0
Throwing       | 2 |  2.6
Dodging        | 1 2 |  2.6
Evocations     | 1 4 6 7 9 10 | 10.1

Action                   |  1- 3 |  4- 6 |  7- 9 | 10-12 | 13-15 | 16-18 || total
-------------------------+-------+-------+-------+-------+-------+-------++-------
Melee: Long sword        |   105 |   167 |   270 |   891 |  1882 |  1559 ||  4874
       Headbutt          |    17 |    35 |    65 |   210 |   556 |   494 ||  1377
       Demon blade       |       |       |       |       |    48 |       ||    48
Throw: Throwing net      |       |     1 |       |       |     1 |       ||     2
       Javelin           |       |       |       |     5 |    50 |    11 ||    66
       Tomahawk          |       |       |       |       |       |     4 ||     4
Invok: Heroism           |       |       |       |     1 |     1 |     2 ||     4
       Finesse           |       |       |       |     1 |       |     2 ||     3
Evoke: Lamp of fire      |       |       |       |     1 |       |     1 ||     2
  Use: Scroll            |       |       |    13 |    17 |     5 |     9 ||    44
       Potion            |       |       |       |       |     2 |     8 ||    10
 Stab: Distracted        |       |       |       |       |     1 |       ||     1
  Eat: Chunk             |     2 |     6 |     9 |    21 |    41 |    42 ||   121
       Ration            |       |       |       |     2 |     1 |     2 ||     5
Armor: Scale mail        |    42 |       |       |       |       |       ||    42
       Gold dragon scale |    27 |   124 |   165 |   541 |  1073 |  1167 ||  3097
Dodge: Dodged            |    27 |     3 |     8 |    71 |   212 |   312 ||   633
Block: Shield            |    52 |    89 |   139 |   190 |       |       ||   470
       Large shield      |       |       |       |   516 |  2386 |  2122 ||  5024
       Reflection        |       |       |       |       |    37 |    94 ||   131
       Rpst.: Long sword |     5 |     1 |       |    15 |    48 |    60 ||   129

Table legend:
 A = Spawn XP
 B = Non-spawn XP
 C = Spawn XP percentage of total XP
 D = Spawn monster count
 E = Non-spawn monster count
 F = Spawn count percentage of total count
 G = Total turns spent on level
                    A         B        C        D         E        F      G
               +---------+---------+-------+---------+---------+-------+---------
         Total |       0 |  287121 |   0.0 |       0 |    1160 |   0.0 | 39140
               +---------+---------+-------+---------+---------+-------+---------
           D:1 |       0 |      17 |   0.0 |       0 |      11 |   0.0 |   487
           D:2 |       0 |      95 |   0.0 |       0 |      21 |   0.0 |  1033
           D:3 |       0 |      81 |   0.0 |       0 |      21 |   0.0 |   932
           D:4 |       0 |     465 |   0.0 |       0 |      21 |   0.0 |   769
           D:5 |       0 |    1292 |   0.0 |       0 |      19 |   0.0 |  1315
           D:6 |       0 |    3033 |   0.0 |       0 |      42 |   0.0 |  1297
           D:7 |       0 |    1021 |   0.0 |       0 |       8 |   0.0 |   574
           D:8 |       0 |    3846 |   0.0 |       0 |      34 |   0.0 |  1088
           D:9 |       0 |    5551 |   0.0 |       0 |      42 |   0.0 |  1197
          D:10 |       0 |    5286 |   0.0 |       0 |      46 |   0.0 |  1564
          D:11 |       0 |    2988 |   0.0 |       0 |      23 |   0.0 |   729
          D:12 |       0 |    6310 |   0.0 |       0 |      23 |   0.0 |  1292
          D:13 |       0 |   10074 |   0.0 |       0 |      58 |   0.0 |  1513
          D:14 |       0 |   25560 |   0.0 |       0 |      94 |   0.0 |  1949
        Lair:1 |       0 |    2826 |   0.0 |       0 |      11 |   0.0 |   921
        Lair:2 |       0 |    4407 |   0.0 |       0 |      55 |   0.0 |   870
        Lair:3 |       0 |   20831 |   0.0 |       0 |      65 |   0.0 |  2655
        Lair:4 |       0 |    6106 |   0.0 |       0 |      30 |   0.0 |  1015
        Lair:5 |       0 |    8312 |   0.0 |       0 |      37 |   0.0 |  1296
        Lair:6 |       0 |   21691 |   0.0 |       0 |      85 |   0.0 |  1953
      Shoals:1 |       0 |   14392 |   0.0 |       0 |      30 |   0.0 |  1445
      Shoals:2 |       0 |   19786 |   0.0 |       0 |      42 |   0.0 |  1318
      Shoals:3 |       0 |    8481 |   0.0 |       0 |      20 |   0.0 |   960
      Shoals:4 |       0 |    2151 |   0.0 |       0 |       3 |   0.0 |    82
      Spider:1 |       0 |   10521 |   0.0 |       0 |      26 |   0.0 |   656
      Spider:2 |       0 |   13798 |   0.0 |       0 |      42 |   0.0 |  2273
      Spider:3 |       0 |   20926 |   0.0 |       0 |      43 |   0.0 |  1962
      Spider:4 |       0 |   42406 |   0.0 |       0 |      91 |   0.0 |  2198
         Orc:1 |       0 |   14409 |   0.0 |       0 |      71 |   0.0 |  2036
         Orc:2 |       0 |    7768 |   0.0 |       0 |      36 |   0.0 |   922
         IceCv |       0 |    2691 |   0.0 |       0 |      10 |   0.0 |   735
               +---------+---------+-------+---------+---------+-------+---------
